 Dungeon Crawl Stone Soup version 0.29.1-2-gbd0b4ee654 (webtiles) character file.

Game seed: 1545659090674562711

5378 ryuk03 the Severer (level 10, -19/121 HPs)
             Began as a Minotaur Berserker on Nov 14, 2022.
             Was an Initiate of Ru.
             Demolished by a polar bear (23 damage)
             ... created by the rage of Trog
             ... on level 9 of the Dungeon.
             The game lasted 00:38:56 (10209 turns).

ryuk03 the Severer (Minotaur Berserker)            Turns: 10209, Time: 00:38:56

Health: -19/121    AC: 25    Str: 25    XL:     10   Next: 39%
Magic:  9/9        EV:  2    Int: 10    God:    Ru [......]
Gold:   407        SH:  0    Dex: 11    Spells: 9/9 levels left

rFire   . . .      SeeInvis .   y - +0 executioner's axe (flame)
rCold   . . .      Faith    +   (shield currently unavailable)
rNeg    . . .      Spirit   .   (body armour currently unavailable)
rPois   +          Reflect  .   (helmet currently unavailable)
rElec   .          Harm     .   (cloak currently unavailable)
rCorr   .          Rampage  .   (gloves currently unavailable)
Will    +....      NoTele   +   (boots currently unavailable)
Stlth   +.........              G - amulet of faith
HPRegen 0.30/turn               f - +6 ring of intelligence
MPRegen 0.11/turn               g - ring of willpower

@: tree-form
A: stationary, stasis, torment immunity, boosted hp, (horns 2), (retaliatory
headbutt)
a: Renounce Religion


You were on level 9 of the Dungeon.
You worshipped Ru.
Ru was noncommittal.
You were a tree.
You visited 1 branch of the dungeon, and saw 9 of its levels.

You collected 547 gold pieces.
You spent 140 gold pieces at shops.

Inventory:

Hand Weapons
 a - a +7 mace
 l - a +5 battleaxe
 y - a +0 executioner's axe of flaming (weapon)
 L - a +1 whip of electrocution
 M - a +4 halberd
Missiles
 i - 2 atropa-tipped darts (quivered)
 m - 6 poisoned darts
 n - a throwing net
 q - 39 stones
 I - 3 curare-tipped darts
 N - 5 javelins
Armour
 b - a +0 animal skin
 k - a +0 pair of boots (melded)
 w - a +0 chain mail (melded)
 E - a +0 pair of gloves (melded)
 J - a +2 cloak (melded)
Jewellery
 f - a +6 ring of intelligence (left branch)
 g - a ring of willpower (right branch)
 C - a ring of wizardry
 G - an amulet of faith (around neck)
Wands
 o - a wand of light (7)
 B - a wand of charming (4)
 K - a wand of polymorph (6)
Scrolls
 r - 2 scrolls of poison
 s - 2 scrolls of magic mapping
 x - 2 scrolls of identify
 A - 2 scrolls of teleportation
 D - a scroll of fear
Potions
 c - 5 potions of brilliance {unknown}
 d - 2 potions of lignification
 e - 3 potions of attraction
 h - 3 potions of mutation {unknown}
 j - a potion of degeneration {unknown}
 p - 2 potions of haste {unknown}
 t - 3 potions of curing {unknown}
 u - 4 potions of heal wounds
 v - 2 potions of flight {unknown}
 H - 2 potions of invisibility {unknown}


   Skills:
 - Level 5.2 Fighting
 + Level 17.2 Axes
 - Level 4.4 Armour
 - Level 4.0 Dodging


You had 9 spell levels left.
You didn't know any spells.
Your spell library was empty.

Dungeon Overview and Level Annotations

Branches:
Dungeon (9/15)
 Temple: D:4-7         Lair: D:8-11         Orc: D:9-12

Altars:
Ashenzari
Cheibriados
Elyvilon
Gozag
Hepliaklqana
Kikubaaqudgha
Ru
Zin

Shops:
D:2 :   D:4 (=   D:7 [


Innate Abilities, Weirdness & Mutations

You are a tree.
Your roots penetrate the ground, keeping you stationary.
You cannot be teleported.
You are immune to unholy pain and torment.
Your maximum health is greatly increased.
Your equipment is partially melded.
((You have a pair of horns on your head.))
((You reflexively headbutt those who attack you in melee.))


Message History

The two-headed ogre hits you with a +0 giant spiked club!!
The two-headed ogre hits you but does no damage.
The polar bear bites you.
The polar bear claws you but does no damage.
The polar bear claws you.
The polar bear bites you but does no damage.
The polar bear claws you but does no damage. x2
The black bear bites you but does no damage.
The black bear claws you but does no damage. x2
You hit the two-headed ogre but do no damage.
You barely miss the ogre. You hit the polar bear. You burn the polar bear.
You slash the black bear! You burn the black bear.
You kill the black bear!
That felt strangely unrewarding.
The ogre barely misses you.
The two-headed ogre hits you with a +0 giant spiked club!
The two-headed ogre hits you with a +0 giant club!!
The polar bear bites you but does no damage.
The polar bear claws you.
The polar bear claws you but does no damage.
You barely miss the two-headed ogre. You slice the ogre!! You burn the ogre.
You slash the polar bear! You burn the polar bear.
The ogre hits you but does no damage. The polar bear bites you!
The polar bear claws you but does no damage. x2
The two-headed ogre hits you but does no damage.
The two-headed ogre hits you with a +0 giant club.
The polar bear bites you.
* * * LOW HITPOINT WARNING * * *
The polar bear claws you but does no damage. x2
You slice the two-headed ogre!! You burn the two-headed ogre!
The two-headed ogre is moderately wounded.
You slice the polar bear!! You burn the polar bear. You slice the ogre!!
You burn the ogre.
You kill the ogre!
That felt strangely unrewarding.
The two-headed ogre hits you with a +0 giant spiked club!!
* * * LOW HITPOINT WARNING * * *
The two-headed ogre hits you with a +0 giant club!
* * * LOW HITPOINT WARNING * * *
The polar bear bites you!!
You die...

######## ......# ).
.....# ...######....#
........#....
.......#.hh#
#.....#..♣# +.....#..O#
#.....#...# #.....'...#
#.....#...#.....#
#.....#...#.....#
#.....#...#.....#
#.)...#...#.....#
#######>....#...#.....#


You could see a two-headed ogre (berserk) and 2 polar bears.

Vanquished Creatures
  2 two-headed ogres (D:8)
  Pikel (D:7)
  Prince Ribbit (D:7)
  Sigmund (D:4)
  5 yaks (D:8)
  A steam dragon (D:6)
  A water moccasin (D:7)
  An ice beast (D:6)
  2 orc warriors
  4 black bears
  4 ogres
  A lemure (D:7)
  A bullfrog (D:7)
  2 scorpions (D:5)
  14 wights
  A jelly (D:8)
  2 orc priests (D:6)
  3 hounds
  5 iguanas
  2 orc wizards
  Robin (D:4)
  4 gnolls
  8 adders
  A shadow imp (D:6)
  A white imp (D:8)
  3 worms
  2 dart slugs
  16 orcs
  4 endoplasms
  5 giant cockroaches
  24 goblins
  10 hobgoblins
  6 jackals (D:2)
  A quokka (D:1)
  8 ball pythons
  A bat (D:3)
  A frilled lizard (D:1)
  7 kobolds
  5 rats
162 creatures vanquished.

Vanquished Creatures (collateral kills)
  A scorpion (D:5)
  An iguana (D:5)
  An orc wizard (D:5)
  An orc (D:5)
4 creatures vanquished.

Vanquished Creatures (others)
  A necrophage (D:5)
  A howler monkey (D:5)
  A hound (D:5)
  An orc priest (D:5)
  An orc wizard (D:5)
5 creatures vanquished.

Grand Total: 171 creatures vanquished

Notes
Turn   | Place    | Note
-------+----------+-------------------------------------------
     0 | D:1      | ryuk03 the Minotaur Berserker began the quest for the Orb.
     0 | D:1      | Reached XP level 1. HP: 19/19 MP: 0/0
    72 | D:1      | Reached XP level 2. HP: 13/27 MP: 1/1
   381 | D:1      | Reached skill level 4 in Axes
   692 | D:1      | Reached XP level 3. HP: 31/33 MP: 2/2
  1663 | D:2      | Found Wecav's Book Emporium.
  1840 | D:2      | Reached XP level 4. HP: 31/40 MP: 3/3
  2019 | D:2      | Found a faded altar of an unknown god.
  2089 | D:2      | Reached ** piety under Trog
  2814 | D:3      | Found a hazy altar of Hepliaklqana.
  2876 | D:3      | Found a white marble altar of Elyvilon.
  3730 | D:4      | Found a glowing silver altar of Zin.
  3760 | D:4      | Found an opulent altar of Gozag.
  3763 | D:4      | Noticed an ogre
  3763 | D:4      | Noticed a black bear
  3781 | D:4      | Killed an ogre
  3782 | D:4      | Reached XP level 5. HP: 33/47 MP: 4/4
  3784 | D:4      | Killed a black bear
  3785 | D:4      | Reached skill level 5 in Fighting
  3785 | D:4      | Reached skill level 5 in Axes
  3785 | D:4      | Reached XP level 6. HP: 41/56 MP: 5/5
  3966 | D:4      | Found Hizuicw's Jewellery Shoppe.
  4277 | D:4      | Noticed Sigmund
  4296 | D:4      | Killed Sigmund
  4297 | D:4      | Reached skill level 6 in Axes
  4401 | D:4      | Found Boatsauc's Weapon Emporium.
  4417 | D:4      | Bought a +0 executioner's axe for 140 gold pieces
  4475 | D:4      | Noticed Robin
  4485 | D:4      | Killed Robin
  4844 | D:5      | Entered Level 5 of the Dungeon
  4859 | D:5      | Reached skill level 7 in Axes
  4859 | D:5      | Reached XP level 7. HP: 55/61 MP: 6/6
  4863 | D:5      | Reached *** piety under Trog
  4872 | D:5      | Reached skill level 8 in Axes
  5404 | D:5      | Reached skill level 9 in Axes
  5779 | D:5      | Found a snail-covered altar of Cheibriados.
  5863 | D:6      | Reached skill level 10 in Axes
  5863 | D:6      | Reached XP level 8. HP: 61/68 MP: 7/7
  6320 | D:6      | Reached skill level 11 in Axes
  6879 | D:6      | Reached **** piety under Trog
  7189 | D:7      | Reached skill level 12 in Axes
  7371 | D:7      | Noticed Pikel
  7380 | D:7      | Killed Pikel
  7381 | D:7      | Reached skill level 13 in Axes
  7381 | D:7      | Reached XP level 9. HP: 74/74 MP: 8/8
  7695 | D:7      | Found Nekhaskoq's Antique Armour Shoppe.
  7746 | D:7      | Noticed Prince Ribbit
  7779 | D:7      | Killed Prince Ribbit
  7780 | D:7      | Reached skill level 14 in Axes
  9011 | D:8      | Noticed a two-headed ogre
  9022 | D:8      | Killed a two-headed ogre
  9023 | D:8      | Reached skill level 15 in Axes
  9133 | D:8      | Reached XP level 10. HP: 51/81 MP: 9/9
  9136 | D:8      | Reached skill level 16 in Axes
  9454 | D:8      | Noticed a two-headed ogre
  9460 | D:8      | Killed a two-headed ogre
  9461 | D:8      | Reached skill level 17 in Axes
  9576 | D:8      | Found a sacrificial altar of Ru.
  9577 | D:8      | Found an ancient bone altar of Kikubaaqudgha.
  9642 | D:8      | Found a broken altar of Ashenzari.
 10107 | D:8      | Fell from the grace of Trog
 10107 | D:8      | Became a worshipper of Ru the Awakened
 10204 | D:9      | Noticed a two-headed ogre
 10209 | D:9      | HP: 4/121 [two-headed ogre/+0 giant spiked club[the rage of
                  | Trog] (8)]
 10209 | D:9      | Demolished by a polar bear

Illustrated notes

Levels and vault maps discovered:
D:1:      minmay_arrival_widening_spiral_wide, layout_basic
D:2:      layout_basic, dilly_ecumenical_altar_fadedgnrine, serial_shops, shop,
          minmay_pentomino_z4
D:3:      cheibrodos_greedy_goblins, layout_loops_ring, elyvilon_altar_4,
          mainiacjoe_overflow_cross_hatched, minmay_misc_feat_diagonals,
          serial_park_tiny_pond, wad_floor_pattern_2
D:4:      layout_loops_cross, mainiacjoe_overflow_alcove_1,
          nicolae_gozag_seed_capital, minmay_temple_entry_from_below_a,
          serial_shops, nicolae_shop_statue_plus, nicolae_lakefront_shop,
          uniq_robin, uniq_sigmund
D:5:      layout_basic, slow_altar_2, minmay_ogre_servants
D:6:      layout_basic, st_stairs_4, chequers_decorated_corner
D:7:      layout_basic, roderic_serpentine_path, nicolae_take_the_stairs,
          uniq_prince_ribbit1, uniq_pikel
D:8:      layout_basic, kennysheep_little_box, gammafunk_temple_overflow_wave
D:9:      layout_gridville, mainiacjoe_overflow_six_doors_small, special_room
          [special_room_kobold], uniq_harold, uniq_joseph

Skill      XL: |  1  2  3  4  5  6  7  8  9 10 |
---------------+-------------------------------+-----
Axes           | 4 5 7 10 13 15 17 | 17.2
Fighting       | 4 5 |  5.2
Armour         | 3 4 |  4.4
Dodging        | 3 4 |  4.0

Action                   |  1- 3 |  4- 6 |  7- 9 | 10-12 || total
-------------------------+-------+-------+-------+-------++-------
Melee: Hand axe          |    86 |    74 |       |       ||   160
       Headbutt          |    13 |    10 |    26 |     9 ||    58
       Executioner's axe |       |    24 |   181 |    34 ||   239
Throw: Stone             |       |     6 |     1 |       ||     7
       Dart              |       |     2 |     8 |     5 ||    15
       Throwing net      |       |     1 |       |       ||     1
Invok: Berserk           |     1 |     2 |     4 |       ||     7
       Trog's Hand       |       |     1 |     1 |       ||     2
Evoke: Wand              |       |     5 |     3 |       ||     8
  Use: Scroll            |       |     5 |    10 |     1 ||    16
       Potion            |       |       |     1 |     1 ||     2
 Stab: Distracted        |       |       |     1 |       ||     1
Armor: Animal skin       |    13 |     2 |       |       ||    15
       Chain mail        |       |    35 |    90 |    12 ||   137
       Ring mail         |       |     1 |       |       ||     1
       Skin              |       |       |       |    21 ||    21
Dodge: Dodged            |    69 |    52 |    97 |    16 ||   234
